Map: Lightshade LE

Players

nomatch - Winner!

  • Race: Zerg Zerg
  • League: Master

nomatch - Winner!

  • Race: Zerg Zerg
  • League: Master

OriOn

  • Race: Protoss Protoss
  • League: Master

OriOn

  • Race: Protoss Protoss
  • League: Master

VOD

Have the link to the VOD?

Description

Time

  • Played on: Aug. 9, 2021, 9:14 a.m.
  • Length: 11:38
Show
View Real Time Build Order
Export as new Build Order

nomatch Zerg - Winner!

Build Orders: Pool First 

Get SALT Encoding   

  12  0:00  Drone  
  13  0:12  Overlord  
  13  0:17  Drone  
  14  0:30  Drone x2  
  16  0:54  Drone  
  16  0:55  Drone  
  18  1:11  Spawning Pool  
  17  1:12  Hatchery  
  16  1:19  Drone x2  
  16  1:21  Drone, Extractor  
  18  1:33  Drone  
  19  1:42  Overlord  
  19  2:01  Queen  
  19  2:03  Hatchery  
  19  2:08  Zergling x2  
  21  2:10  Zergling x2  
  22  2:19  Drone  
  23  2:26  Queen  
  23  2:27  Drone  
  26  2:32  Drone  
  26  2:36  Drone  
  26  2:37  Drone  
  29  2:46  Metabolic Boost  
  29  2:47  Drone  
  29  2:48  Drone  
  31  2:58  Drone  
  31  2:59  Drone  
  31  3:02  Queen  
  35  3:07  Overlord  
  35  3:08  Drone  
  36  3:12  Overlord  
  36  3:19  Drone x3  
  39  3:21  Drone  
  40  3:28  Drone  
  40  3:29  Drone x2  
  43  3:37  Drone x4  
  43  3:38  Drone  
  47  3:45  Drone x4  
  51  3:52  Drone, Overlord  
  52  4:04  Zergling x8  
  52  4:09  Evolution Chamber  
  55  4:10  Drone  
  55  4:11  Roach Warren, Overlord  
  55  4:12  Zergling x6  
  58  4:18  Zergling x2  
  58  4:19  Zergling x6  
  58  4:21  Overlord  
  62  4:26  Zergling x2  
  63  4:32  Spore Crawler  
  63  4:33  Drone  
  63  4:37  Drone, Spore Crawler  
  63  4:41  Zergling x2  
  63  4:42  Zergling x4  
  65  4:51  Drone x2  
  67  4:54  Lair  
  67  4:55  Drone x3  
  67  4:56  Drone  
  67  4:57  Overlord  
  67  4:58  Drone x2, Overlord  
  67  4:59  Drone x2  
  75  5:04  Overlord  
  75  5:17  Drone, Extractor  
  75  5:19  Hatchery  
  74  5:36  Spore Crawler  
  68  5:47  Drone x3, Overlord x2  
  70  5:54  Overseer  
  70  5:55  Overseer  
  70  5:57  Drone  
  70  5:58  Drone x5  
  70  6:04  Glial Reconstitution  
  76  6:09  Hatchery  
  76  6:10  Extractor x2  
  73  6:11  Queen  
  75  6:19  Zerg Missile Weapons Level 1  
  75  6:23  Drone, Spore Crawler  
  75  6:25  Drone x5  
  79  6:26  Drone x2  
  79  6:28  Drone x3  
  79  6:29  Drone x2  
  79  6:32  Drone x2  
  89  6:51  Overlord x2  
  89  6:53  Pneumatized Carapace  
  89  6:59  Evolution Chamber  
  88  7:05  Roach x3  
  88  7:06  Roach x6  
  88  7:07  Roach  
  108  7:09  Overlord  
  108  7:19  Roach x2  
  108  7:21  Hatchery  
  111  7:26  Roach x6  
  111  7:27  Roach, Overlord  
  111  7:28  Overlord  
  125  7:32  Hatchery  
  111  7:53  Roach  
  111  7:54  Roach x10  
  111  7:56  Extractor  
  111  7:57  Drone, Extractor  
  132  8:00  Queen  
  134  8:07  Drone x5  
  134  8:08  Drone  
  134  8:09  Roach x3  
  146  8:16  Zerg Missile Weapons Level 2  
  146  8:25  Roach  
  146  8:26  Roach x2  
  152  8:30  Overlord x5  
  152  8:36  Roach x3  
  152  8:37  Roach x3  
  152  8:38  Overlord  
  152  8:39  Overlord x2  
  164  8:45  Drone  
  165  8:56  Roach x3  
  165  8:57  Roach x8  
  187  9:05  Ravager  
  188  9:12  Ravager x2  
  190  9:20  Roach x3  
  190  9:21  Roach x3  
  190  9:22  Zergling x4  
  197  9:27  Overseer  
  197  9:28  Overseer  
  197  9:30  Zergling x2, Roach x2  
  197  9:31  Zergling x32  
  171  9:37  Roach  
  171  9:38  Roach x2  
  167  9:41  Roach  
  167  9:42  Zergling x2, Roach x2  
  156  9:49  Roach x4  
  140  9:53  Roach  
  140  9:54  Zergling x6, Roach  
  146  10:00  Roach x4  
  154  10:09  Roach  
  154  10:10  Zergling x2, Roach x4  
  154  10:11  Zergling x2  
  166  10:19  Roach x3  
  166  10:20  Roach x2  
  174  10:26  Roach x3  
  174  10:27  Zergling x4  
  182  10:33  Roach x4  
  182  10:34  Roach  
  192  10:41  Roach x3  
  183  10:50  Roach  
  183  10:51  Roach x4  
  183  10:57  Roach x3  
  199  11:16  Roach x3  
Show
View Real Time Build Order
Export as new Build Order

nomatch Zerg - Winner!

Build Orders: Pool First 

Get SALT Encoding   

  12  0:00  Drone  
  13  0:12  Overlord  
  13  0:17  Drone  
  14  0:30  Drone x2  
  16  0:54  Drone  
  16  0:55  Drone  
  18  1:11  Spawning Pool  
  17  1:12  Hatchery  
  16  1:19  Drone x2  
  16  1:21  Drone, Extractor  
  18  1:33  Drone  
  19  1:42  Overlord  
  19  2:01  Queen  
  19  2:03  Hatchery  
  19  2:08  Zergling x2  
  21  2:10  Zergling x2  
  22  2:19  Drone  
  23  2:26  Queen  
  23  2:27  Drone  
  26  2:32  Drone  
  26  2:36  Drone  
  26  2:37  Drone  
  29  2:46  Metabolic Boost  
  29  2:47  Drone  
  29  2:48  Drone  
  31  2:58  Drone  
  31  2:59  Drone  
  31  3:02  Queen  
  35  3:07  Overlord  
  35  3:08  Drone  
  36  3:12  Overlord  
  36  3:19  Drone x3  
  39  3:21  Drone  
  40  3:28  Drone  
  40  3:29  Drone x2  
  43  3:37  Drone x4  
  43  3:38  Drone  
  47  3:45  Drone x4  
  51  3:52  Drone, Overlord  
  52  4:04  Zergling x8  
  52  4:09  Evolution Chamber  
  55  4:10  Drone  
  55  4:11  Roach Warren, Overlord  
  55  4:12  Zergling x6  
  58  4:18  Zergling x2  
  58  4:19  Zergling x6  
  58  4:21  Overlord  
  62  4:26  Zergling x2  
  63  4:32  Spore Crawler  
  63  4:33  Drone  
  63  4:37  Drone, Spore Crawler  
  63  4:41  Zergling x2  
  63  4:42  Zergling x4  
  65  4:51  Drone x2  
  67  4:54  Lair  
  67  4:55  Drone x3  
  67  4:56  Drone  
  67  4:57  Overlord  
  67  4:58  Drone x2, Overlord  
  67  4:59  Drone x2  
  75  5:04  Overlord  
  75  5:17  Drone, Extractor  
  75  5:19  Hatchery  
  74  5:36  Spore Crawler  
  68  5:47  Drone x3, Overlord x2  
  70  5:54  Overseer  
  70  5:55  Overseer  
  70  5:57  Drone  
  70  5:58  Drone x5  
  70  6:04  Glial Reconstitution  
  76  6:09  Hatchery  
  76  6:10  Extractor x2  
  73  6:11  Queen  
  75  6:19  Zerg Missile Weapons Level 1  
  75  6:23  Drone, Spore Crawler  
  75  6:25  Drone x5  
  79  6:26  Drone x2  
  79  6:28  Drone x3  
  79  6:29  Drone x2  
  79  6:32  Drone x2  
  89  6:51  Overlord x2  
  89  6:53  Pneumatized Carapace  
  89  6:59  Evolution Chamber  
  88  7:05  Roach x3  
  88  7:06  Roach x6  
  88  7:07  Roach  
  108  7:09  Overlord  
  108  7:19  Roach x2  
  108  7:21  Hatchery  
  111  7:26  Roach x6  
  111  7:27  Roach, Overlord  
  111  7:28  Overlord  
  125  7:32  Hatchery  
  111  7:53  Roach  
  111  7:54  Roach x10  
  111  7:56  Extractor  
  111  7:57  Drone, Extractor  
  132  8:00  Queen  
  134  8:07  Drone x5  
  134  8:08  Drone  
  134  8:09  Roach x3  
  146  8:16  Zerg Missile Weapons Level 2  
  146  8:25  Roach  
  146  8:26  Roach x2  
  152  8:30  Overlord x5  
  152  8:36  Roach x3  
  152  8:37  Roach x3  
  152  8:38  Overlord  
  152  8:39  Overlord x2  
  164  8:45  Drone  
  165  8:56  Roach x3  
  165  8:57  Roach x8  
  187  9:05  Ravager  
  188  9:12  Ravager x2  
  190  9:20  Roach x3  
  190  9:21  Roach x3  
  190  9:22  Zergling x4  
  197  9:27  Overseer  
  197  9:28  Overseer  
  197  9:30  Zergling x2, Roach x2  
  197  9:31  Zergling x32  
  171  9:37  Roach  
  171  9:38  Roach x2  
  167  9:41  Roach  
  167  9:42  Zergling x2, Roach x2  
  156  9:49  Roach x4  
  140  9:53  Roach  
  140  9:54  Zergling x6, Roach  
  146  10:00  Roach x4  
  154  10:09  Roach  
  154  10:10  Zergling x2, Roach x4  
  154  10:11  Zergling x2  
  166  10:19  Roach x3  
  166  10:20  Roach x2  
  174  10:26  Roach x3  
  174  10:27  Zergling x4  
  182  10:33  Roach x4  
  182  10:34  Roach  
  192  10:41  Roach x3  
  183  10:50  Roach  
  183  10:51  Roach x4  
  183  10:57  Roach x3  
  199  11:16  Roach x3  
Show
View Real Time Build Order
Export as new Build Order

OriOn Protoss 

Build Orders: 1 Gate Expand, Zealot Archon, Dark Templar Rush 

Get SALT Encoding   

  12  0:00  Probe  
  13  0:12  Probe  
  14  0:18  Pylon  
  14  0:24  Probe  
  15  0:36  Probe (Chrono Boost)  
  16  0:42  Gateway  
  16  0:48  Probe (Chrono Boost)  
  17  0:53  Assimilator, Probe (Chrono Boost)  
  18  1:03  Pylon  
  18  1:05  Probe  
  19  1:17  Probe  
  20  1:29  Cybernetics Core  
  20  1:39  Nexus  
  20  1:42  Probe  
  21  1:50  Assimilator  
  22  1:54  Probe  
  22  2:01  Pylon  
  22  2:06  Probe  
  23  2:12  Warp Gate (Chrono Boost)  
  23  2:18  Adept (Chrono Boost)  
  23  2:20  Probe  
  26  2:32  Probe  
  26  2:34  Twilight Council  
  27  2:41  Adept  
  30  2:44  Probe  
  30  2:55  Probe  
  30  2:56  Probe  
  32  2:59  Gateway  
  32  3:07  Robotics Facility  
  32  3:08  Probe  
  33  3:14  Probe  
  34  3:20  Probe  
  34  3:26  Probe  
  36  3:31  Dark Shrine  
  36  3:32  Probe  
  37  3:35  Gateway  
  37  3:43  Probe  
  37  3:44  Probe  
  37  3:45  Gateway  
  39  3:50  Warp Prism (Chrono Boost)  
  41  3:56  Assimilator  
  41  3:57  Probe  
  41  3:58  Probe  
  43  4:04  Assimilator  
  43  4:09  Probe  
  44  4:11  Pylon  
  44  4:14  Pylon  
  44  4:16  Probe  
  45  4:21  Probe  
  46  4:29  Probe  
  47  4:33  Probe  
  48  4:44  Dark Templar x2  
  48  4:45  Dark Templar  
  54  4:56  Dark Templar  
  54  4:58  Probe x2  
  58  5:01  Forge  
  58  5:02  Gateway  
  58  5:07  Gateway  
  58  5:10  Probe x2, Nexus  
  60  5:22  Probe  
  60  5:24  Probe  
  62  5:42  Protoss Ground Weapons Level 1 (Chrono Boost)  
  62  5:47  Pylon  
  62  5:53  Probe x2  
  62  6:01  Charge (Chrono Boost)  
  62  6:05  Probe x2  
  62  6:07  Shield Battery  
  62  6:09  Dark Templar x2  
  62  6:10  Zealot, Shield Battery  
  70  6:17  Pylon  
  70  6:19  Gateway  
  70  6:22  Probe x2  
  70  6:25  Gateway  
  72  6:26  Robotics Bay  
  72  6:31  Pylon  
  72  6:34  Probe  
  72  6:36  Probe, Pylon  
  72  6:37  Probe  
  72  6:39  Archon  
  75  6:42  Stalker x3  
  75  6:46  Probe  
  82  6:48  Probe, Zealot  
  82  6:49  Probe  
  82  6:50  Observer  
  82  6:54  Archon  
  87  6:58  Probe  
  87  7:01  Assimilator, Probe  
  89  7:06  Assimilator  
  89  7:09  Probe  
  89  7:10  Probe  
  89  7:13  Forge  
  91  7:17  Gateway  
  91  7:19  Gateway  
  91  7:20  Probe, Pylon  
  91  7:21  Probe  
  93  7:22  Pylon  
  93  7:23  Gateway  
  93  7:24  Blink  
  93  7:30  Probe  
  93  7:32  Probe  
  95  7:49  Protoss Ground Weapons Level 2 (Chrono Boost)  
  95  7:51  Disruptor  
  95  7:53  Stalker x3  
  95  7:54  Stalker x4  
  95  7:55  Stalker  
  114  8:02  Probe x3  
  114  8:03  Protoss Ground Armor Level 1 (Chrono Boost)  
  117  8:12  Pylon  
  117  8:14  Pylon  
  117  8:15  Pylon  
  117  8:18  Pylon  
  117  8:21  Nexus  
  117  8:23  Pylon  
  117  8:42  Zealot  
  117  8:44  Zealot x2  
  117  8:45  Zealot x3, Dark Templar x2  
  117  8:46  Zealot x2  
  117  8:47  Zealot  
  139  8:48  Disruptor (Chrono Boost)  
  139  8:50  Pylon  
  139  8:55  Pylon  
  142  8:57  Archon  
  142  8:59  Pylon  
  142  9:03  Zealot  
  142  9:04  Zealot  
  142  9:05  Zealot, Dark Templar  
  142  9:06  Zealot  
  142  9:07  Zealot x4  
  160  9:21  Probe x2  
  122  9:32  Stalker x4  
  122  9:33  Zealot x2, Stalker  
  122  9:34  Zealot  
  122  9:36  Zealot x2  
  88  9:57  Colossus  
  88  9:59  Dark Templar  
  87  10:00  Zealot x6  
  87  10:01  Zealot x2  
  103  10:20  Stalker x2  
  103  10:21  Stalker x4  
  112  10:22  Zealot x2  
  87  11:08  Assimilator, Dark Templar  
  87  11:09  Zealot x3, Dark Templar x2  
  87  11:10  Zealot x3  
  105  11:12  Assimilator, Stalker  
Show
View Real Time Build Order
Export as new Build Order

OriOn Protoss 

Build Orders: 1 Gate Expand, Zealot Archon, Dark Templar Rush 

Get SALT Encoding   

  12  0:00  Probe  
  13  0:12  Probe  
  14  0:18  Pylon  
  14  0:24  Probe  
  15  0:36  Probe (Chrono Boost)  
  16  0:42  Gateway  
  16  0:48  Probe (Chrono Boost)  
  17  0:53  Assimilator, Probe (Chrono Boost)  
  18  1:03  Pylon  
  18  1:05  Probe  
  19  1:17  Probe  
  20  1:29  Cybernetics Core  
  20  1:39  Nexus  
  20  1:42  Probe  
  21  1:50  Assimilator  
  22  1:54  Probe  
  22  2:01  Pylon  
  22  2:06  Probe  
  23  2:12  Warp Gate (Chrono Boost)  
  23  2:18  Adept (Chrono Boost)  
  23  2:20  Probe  
  26  2:32  Probe  
  26  2:34  Twilight Council  
  27  2:41  Adept  
  30  2:44  Probe  
  30  2:55  Probe  
  30  2:56  Probe  
  32  2:59  Gateway  
  32  3:07  Robotics Facility  
  32  3:08  Probe  
  33  3:14  Probe  
  34  3:20  Probe  
  34  3:26  Probe  
  36  3:31  Dark Shrine  
  36  3:32  Probe  
  37  3:35  Gateway  
  37  3:43  Probe  
  37  3:44  Probe  
  37  3:45  Gateway  
  39  3:50  Warp Prism (Chrono Boost)  
  41  3:56  Assimilator  
  41  3:57  Probe  
  41  3:58  Probe  
  43  4:04  Assimilator  
  43  4:09  Probe  
  44  4:11  Pylon  
  44  4:14  Pylon  
  44  4:16  Probe  
  45  4:21  Probe  
  46  4:29  Probe  
  47  4:33  Probe  
  48  4:44  Dark Templar x2  
  48  4:45  Dark Templar  
  54  4:56  Dark Templar  
  54  4:58  Probe x2  
  58  5:01  Forge  
  58  5:02  Gateway  
  58  5:07  Gateway  
  58  5:10  Probe x2, Nexus  
  60  5:22  Probe  
  60  5:24  Probe  
  62  5:42  Protoss Ground Weapons Level 1 (Chrono Boost)  
  62  5:47  Pylon  
  62  5:53  Probe x2  
  62  6:01  Charge (Chrono Boost)  
  62  6:05  Probe x2  
  62  6:07  Shield Battery  
  62  6:09  Dark Templar x2  
  62  6:10  Zealot, Shield Battery  
  70  6:17  Pylon  
  70  6:19  Gateway  
  70  6:22  Probe x2  
  70  6:25  Gateway  
  72  6:26  Robotics Bay  
  72  6:31  Pylon  
  72  6:34  Probe  
  72  6:36  Probe, Pylon  
  72  6:37  Probe  
  72  6:39  Archon  
  75  6:42  Stalker x3  
  75  6:46  Probe  
  82  6:48  Probe, Zealot  
  82  6:49  Probe  
  82  6:50  Observer  
  82  6:54  Archon  
  87  6:58  Probe  
  87  7:01  Assimilator, Probe  
  89  7:06  Assimilator  
  89  7:09  Probe  
  89  7:10  Probe  
  89  7:13  Forge  
  91  7:17  Gateway  
  91  7:19  Gateway  
  91  7:20  Probe, Pylon  
  91  7:21  Probe  
  93  7:22  Pylon  
  93  7:23  Gateway  
  93  7:24  Blink  
  93  7:30  Probe  
  93  7:32  Probe  
  95  7:49  Protoss Ground Weapons Level 2 (Chrono Boost)  
  95  7:51  Disruptor  
  95  7:53  Stalker x3  
  95  7:54  Stalker x4  
  95  7:55  Stalker  
  114  8:02  Probe x3  
  114  8:03  Protoss Ground Armor Level 1 (Chrono Boost)  
  117  8:12  Pylon  
  117  8:14  Pylon  
  117  8:15  Pylon  
  117  8:18  Pylon  
  117  8:21  Nexus  
  117  8:23  Pylon  
  117  8:42  Zealot  
  117  8:44  Zealot x2  
  117  8:45  Zealot x3, Dark Templar x2  
  117  8:46  Zealot x2  
  117  8:47  Zealot  
  139  8:48  Disruptor (Chrono Boost)  
  139  8:50  Pylon  
  139  8:55  Pylon  
  142  8:57  Archon  
  142  8:59  Pylon  
  142  9:03  Zealot  
  142  9:04  Zealot  
  142  9:05  Zealot, Dark Templar  
  142  9:06  Zealot  
  142  9:07  Zealot x4  
  160  9:21  Probe x2  
  122  9:32  Stalker x4  
  122  9:33  Zealot x2, Stalker  
  122  9:34  Zealot  
  122  9:36  Zealot x2  
  88  9:57  Colossus  
  88  9:59  Dark Templar  
  87  10:00  Zealot x6  
  87  10:01  Zealot x2  
  103  10:20  Stalker x2  
  103  10:21  Stalker x4  
  112  10:22  Zealot x2  
  87  11:08  Assimilator, Dark Templar  
  87  11:09  Zealot x3, Dark Templar x2  
  87  11:10  Zealot x3  
  105  11:12  Assimilator, Stalker  
Tags
 
Add a new tag
Caveats
  • Supply blocks, unpowered buildings, or Contaminate may cause inaccurate times.
  • Supply counts are checked every 10 seconds.